 Dungeon Crawl Stone Soup version 0.31-a0-654-gbe3e110b4e (webtiles) character file.

Game seed: 13850205293891303654

512 holysushi the Slicer (level 7, 0/41 HPs)
             Began as a Kobold Monk on Aug 29, 2023.
             Killed from afar by an orc wizard (11 damage)
             ... with a magic dart
             ... on level 5 of the Dungeon.
             The game lasted 00:05:34 (4335 turns).

holysushi the Slicer (Kobold Monk)                  Turns: 4335, Time: 00:05:35

Health: 0/41       AC:  5    Str:  8    XL:     7   Next: 43%
Magic:  7/7        EV: 17    Int: 12    God:
Gold:   236        SH:  0    Dex: 19    Spells: 6/6 levels left

rFire   . . .        a - +0 short sword (protect)
rCold   . . .        (no shield)
rNeg    . . .        b - +0 robe
rPois   .            r - +0 helmet
rElec   .            k - +1 cloak
rCorr   .            (no gloves)
SInv    .            (no boots)
Will    .....        (no amulet)
Stlth   ++++         (no ring)
HPRegen 0.26/turn    (no ring)
MPRegen 0.10/turn

%: no passive effects
@: no status effects
A: small, no large weapons, nightstalker 3
a: no special abilities


You were on level 5 of the Dungeon.
You visited 1 branch of the dungeon, and saw 5 of its levels.

You collected 236 gold pieces.

Inventory:

Hand Weapons
 a - a +0 short sword of protection (weapon)
Armour
 b - a +0 robe (worn)
 d - an orb of light
 k - a +1 cloak (worn)
 r - a +0 helmet (worn)
Jewellery
 o - a ring of flight
Scrolls
 h - 2 scrolls of enchant weapon {unknown}
 n - 3 scrolls of brand weapon
 s - 2 scrolls of teleportation {unknown}
 u - 2 scrolls of identify
 v - a scroll of poison {unknown}
Potions
 c - a potion of ambrosia
 e - a potion of magic {unknown}
 f - 2 potions of curing
 g - a potion of berserk rage
 i - a potion of heal wounds {unknown}
 j - a potion of resistance
 m - a potion of might
 p - a potion of lignification {unknown}
 q - 2 potions of mutation {unknown}
 t - a potion of brilliance {unknown}


   Skills:
 - Level 3.2 Fighting
 + Level 9.1 Short Blades
 - Level 4.3 Dodging
 + Level 4.7 Stealth


You had 6 spell levels left.
You didn't know any spells.
Your spell library contained the following spells:

 Spells                   Type           Power      Damage    Failure   Level
 Dazzling Flash           Conj/Hex       0%         N/A       69%         3
 Gell's Gravitas          Tloc           0%         N/A       69%         3
 Teleport Other           Tloc           0%         N/A       69%         3
 Volatile Blastmotes      Fire/Tloc      0%         2d10      69%         3
 Dispersal                Tloc           0%         N/A       100%        6
 Starburst                Conj/Fire      0%         6d3       100%        6
 Maxwell's Capacitive Co  Air            0%         ∞         100%        8


Dungeon Overview and Level Annotations

Branches:
Dungeon (5/15) Zot: 25806
 Temple: D:4-7

Altars:
Dithmenos
Hepliaklqana
Sif Muna

Annotations:
D:4 2 runed translucent doors, LobsterGuardian's ghost, amateur MiAr


Innate Abilities, Weirdness & Mutations

You are small and have problems with some larger weapons.
You are completely attuned to the shadows.


Message History

You feel sick.
You hear some strange, mumbled words.
A magic dart appears from out of thin air!
The magic dart hits you but does no damage.
Things that are here:
a +0 hand axe; an orc corpse You feel sick.
Something hits you but does no damage.
Your gnoll hits something with a +0 flail!
You feel sick. Something bites your gnoll!
Your gnoll dies!
Your gnoll hits something with a +0 club.
An orc comes into view. It is wielding a +0 hand axe.
You feel sick. Something bites your gnoll!
Your gnoll hits something with a +0 club.
You feel a bit more experienced.
You feel sick.
You hear some strange, mumbled words.
Something tries to affect you, but you resist.
You feel sick.
You are no longer poisoned.
Something hits you.
* * * LOW HITPOINT WARNING * * *
The orc attacks as it pursues you! The orc closely misses you.
Something hits you but does no damage.
A gnoll bouda comes into view. It is wielding a +0 club.
You hear some strange, mumbled words.
Something tries to affect you, but you resist.
There is an open door here.
The orc closely misses you.
Your gnoll closely misses the orc.
The gnoll bouda hits your gnoll with a +0 club!
Your gnoll dies!
There is an open door here.
A magic dart appears from out of thin air!
The magic dart hits you.
* * * LOW HITPOINT WARNING * * *
You see here a +0 war axe.
A magic dart appears from out of thin air!
The magic dart hits you!
You die...

.........# #..# #.# .........#
#..# ########.#
........g####..###........#
.......................####
#.####.......){...###.#.###
#........######...###.#.#
#.............#.......#.#
##.............#...###.#.#
#...............@..# #.#.#
#.....#.#######....# #.#.######
+.....#+## #####...###.#.......
#........# #.................##
#........# ####.....#.........#
#........######.....+.>#.#....#
+........'....<.....##.#.#.##.#
#........#####......##.#.#.##.#
#.....#### #......##.#.#.##.#


There were no monsters in sight!

Vanquished Creatures
  Menkaure (D:4)
  A hound (D:4)
  An orc priest (D:4)
  A sleepcap (D:4)
  Ijyb (D:3)
  3 iguanas
  Robin (D:3)
  3 adders
  A worm (D:2)
  5 dart slugs
  8 orcs
  7 ball pythons
  7 bats
  6 endoplasms
  10 giant cockroaches
  19 goblins
  10 hobgoblins
  4 jackals (D:2)
  5 kobolds
  4 quokkas
  3 frilled lizards
  3 rats
104 creatures vanquished.

Vanquished Creatures (collateral kills)
  An iguana (D:5)
  A gnoll (D:5)
2 creatures vanquished.

Vanquished Creatures (others)
  2 gnolls (D:5)
2 creatures vanquished.

Grand Total: 108 creatures vanquished

Notes
Turn   | Place    | Note
-------+----------+-------------------------------------------
     0 | D:1      | holysushi the Kobold Monk began the quest for the Orb.
     0 | D:1      | Reached XP level 1. HP: 14/14 MP: 1/1
   140 | D:1      | Reached XP level 2. HP: 17/19 MP: 2/2
   447 | D:1      | Reached XP level 3. HP: 23/23 MP: 3/3
   593 | D:1      | Reached skill level 5 in Short Blades
  1183 | D:2      | Reached XP level 4. HP: 27/28 MP: 4/4
  1285 | D:2      | Found a shadowy altar of Dithmenos.
  1369 | D:2      | Reached skill level 6 in Short Blades
  1586 | D:2      | You fall into a shaft and drop 2 floors!
  1861 | D:3      | Noticed Robin
  1884 | D:3      | Killed Robin
  1885 | D:3      | Reached XP level 5. HP: 29/32 MP: 5/5
  2271 | D:3      | Found a shadowy altar of Dithmenos.
  2275 | D:3      | Found a shimmering blue altar of Sif Muna.
  2278 | D:3      | Found a hazy altar of Hepliaklqana.
  2441 | D:3      | Noticed Ijyb
  2481 | D:3      | Killed Ijyb
  2482 | D:3      | Reached skill level 7 in Short Blades
  2944 | D:4      | Found a runed translucent door.
  2960 | D:4      | Reached XP level 6. HP: 37/37 MP: 6/6
  3073 | D:4      | Noticed Menkaure
  3086 | D:4      | Killed Menkaure
  3087 | D:4      | Reached skill level 8 in Short Blades
  3312 | D:4      | Found a runed translucent door.
  3370 | D:4      | Reached XP level 7. HP: 41/41 MP: 7/7
  3591 | D:4      | Noticed LobsterGuardian's ghost (amateur MiAr)
  4060 | D:5      | Entered Level 5 of the Dungeon
  4307 | D:5      | Reached skill level 9 in Short Blades
  4335 | D:5      | Killed from afar by an orc wizard

Illustrated notes

Levels and vault maps discovered:
D:1:      ebering_hopf_link, layout_loops_ring, minmay_octomino_c4
D:2:      layout_rooms, basic_altar
D:3:      layout_basic, grunt_temple_overflow_diamond, roderic_roman_lattice,
          chequers_mini_garden, hangedman_feature_mirror, uniq_robin, uniq_ijyb
D:4:      layout_basic, ebering_ghost_sewer_f, grunt_ministairs_15,
          uniq_menkaure
D:5:      layout_basic

Skill      XL: |  1  2  3  4  5  6  7 |
---------------+----------------------+-----
Dodging        | 4 |  4.3
Short Blades   | 5 6 7 8 9 |  9.1
Stealth        | 3 4 |  4.7
Fighting       | |  3.2

Action                     |  1- 3 |  4- 6 |  7- 9 || total
---------------------------+-------+-------+-------++-------
  Melee: Short sword       |   122 |   265 |    47 ||   434
         Punch             |       |     5 |     3 ||     8
  Evoke: Wand              |       |       |     7 ||     7
    Use: Scroll            |       |     9 |       ||     9
   Stab: Sleeping          |     2 |    13 |     2 ||    17
 Armour: Robe              |    17 |    41 |    13 ||    71
  Dodge: Dodged            |    79 |   153 |    31 ||   263

Table legend: (Time is in decaauts)
 A = Elapsed time spent in this place.
 B = Non-inter-level travel time spent in this place.
 C = Inter-level travel time spent in this place.
 D = Time resting spent in this place.
 E = Time spent auto-exploring this place.
 F = Levels seen in this place.
 G = Mean time per level.
                   A        B        C        D        E       F      G
               +--------+--------+--------+--------+--------+-----+--------+
         Total |   4192 |   4032 |    160 |    110 |   3071 |   5 |  838.4 |
       Dungeon |   4192 |   4032 |    160 |    110 |   3071 |   5 |  838.4 |
               +--------+--------+--------+--------+--------+-----+--------+

Top non-repeatable levels by time:
     D:3: 1180 daAuts
     D:4: 1028 daAuts
     D:1: 1012 daAuts
     D:2: 704 daAuts
     D:5: 265 daAuts
